[Event "Kupreichik Memorial Open 2018"]
[Site "Minsk"]
[Date "2018.06.23"]
[Round "10"]
[White "Tkachou, Viktar"]
[Black "Mialik, Artsiom"]
[Result "1/2-1/2"]
[ECO "A04"]
[WhiteElo "1791"]
[BlackElo "1432"]
[Annotator "NA"]
[PlyCount "140"]
[EventDate "2018.06.21"]
[EventCountry "BLR"]
[SourceTitle "playchess.com"]
[Source "ChessBase"]
[SourceQuality "1"]
[TimeControl "900+10"]

1. Nf3 e6 2. c4 f5 3. e3 Nf6 4. Be2 d5 5. b3 c6 6. Bb2 Be7 7. d3 Nbd7 8. Nbd2 Nc5 9. b4 Ncd7 10. a3 Qc7 11. d4 Ne4 12. c5 Ndf6 13. Ne5 O-O 14. O-O Bd7 15. h3 Be8 16. Rc1 Nd7 17. Ndf3 Bf6 18. Nxd7 Qxd7 19. Qd3 Bg6 20. Qd1 Bh5 21. Re1 Bxf3 22. Bxf3 Be7 23. Be2 Rf7 24. Bd3 Raf8 25. Qc2 Bh4 26. Re2 Qd8 27. a4 a6 28. Bc3 Qd7 29. Rb1 Qe7 30. b5 axb5 31. axb5 Bg5 32. bxc6 bxc6 33. Rb6 Rc8 34. Bxe4 fxe4 35. Qa4 Qf6 36. Be1 Rfc7 37. Reb2 Rf7 38. Rb8 Rff8 39. Rxc8 Rxc8 40. Qa6 Qf8 41. Rb7 Qe8 42. Qb6 Bd8 43. Qa6 Bf6 44. Ra7 e5 45. Bc3 exd4 46. Bxd4 Bxd4 47. exd4 e3 48. Qb7 exf2+ 49. Kxf2 Qf8+ 50. Kg3 Re8 51. Qc7 Re3+ 52. Kh2 Re6 53. Rb7 Kh8 54. Rb8 Re8 55. Rb7 Re3 56. Rb6 Re6 57. Rxc6 Rxc6 58. Qxc6 Qf4+ 59. Kg1 Qe3+ 60. Kf1 Qd3+ 61. Ke1 Qe3+ 62. Kf1 Qd3+ 63. Kf2 Qxd4+ 64. Kg3 Qe3+ 65. Kg4 Qe4+ 66. Kg3 Qe3+ 67. Kh2 Qf4+ 68. Kg1 Qe3+ 69. Kf1 Qd3+ 70. Ke1 Qe3+ 1/2-1/2

[Event "Kupreichik Memorial Open 2018"]
[Site "Minsk"]
[Date "2018.06.23"]
[Round "10"]
[White "Mialik, Uladzislau"]
[Black "Kozlov, Valentin"]
[Result "1/2-1/2"]
[ECO "A05"]
[WhiteElo "1768"]
[BlackElo "1553"]
[Annotator "NA"]
[PlyCount "67"]
[EventDate "2018.06.21"]
[EventCountry "BLR"]
[SourceTitle "playchess.com"]
[Source "ChessBase"]
[SourceQuality "1"]
[TimeControl "900+10"]

1. Nf3 Nf6 2. g3 g6 3. Bg2 Bg7 4. d4 O-O 5. O-O d6 6. Re1 c5 7. c3 cxd4 8. cxd4 Nc6 9. Nc3 Bd7 10. e4 Rc8 11. Qd2 a6 12. b3 Re8 13. Bb2 Qb6 14. Rac1 Bg4 15. d5 Bxf3 16. Bxf3 Ne5 17. Bg2 Nfg4 18. Na4 Qxf2+ 19. Qxf2 Nxf2 20. Bxe5 Bxe5 21. Kxf2 b5 22. Bh3 Rxc1 23. Rxc1 bxa4 24. Bd7 axb3 25. axb3 Rb8 26. Rc8+ Rxc8 27. Bxc8 a5 28. Kf3 h5 29. h3 Kg7 30. g4 hxg4+ 31. hxg4 Kf6 32. Bd7 e6 33. Bc6 exd5 34. Bxd5 1/2-1/2

[Event "Kupreichik Memorial Open 2018"]
[Site "Minsk"]
[Date "2018.06.23"]
[Round "10"]
[White "Zagorskii, Artem"]
[Black "Ilyuchyk, Yana"]
[Result "0-1"]
[ECO "B62"]
[WhiteElo "1721"]
[BlackElo "1971"]
[Annotator "NA"]
[PlyCount "72"]
[EventDate "2018.06.21"]
[EventCountry "BLR"]
[SourceTitle "playchess.com"]
[Source "ChessBase"]
[SourceQuality "1"]
[TimeControl "900+10"]

1. e4 c5 2. Nf3 Nc6 3. d4 cxd4 4. Nxd4 Nf6 5. Nc3 d6 6. Bg5 e6 7. Qd3 Be7 8. O-O-O O-O 9. Bxf6 Bxf6 10. Nxc6 bxc6 11. Qxd6 Qa5 12. Rd3 Ba6 13. Re3 Be5 14. Qxc6 Bxf1 15. Rxf1 Rac8 16. Qd7 Rc7 17. Qd3 Rxc3 18. bxc3 Rd8 19. Qc4 Qa3+ 20. Kb1 Rb8+ 21. Qb3 Rxb3+ 22. cxb3 g5 23. g3 g4 24. Rd3 a5 25. Rc1 Qc5 26. Rc2 Kg7 27. Kc1 Qb5 28. Kd2 Bf6 29. Ke2 Qc6 30. e5 Bxe5 31. Re3 Bd4 32. Rd3 Qe4+ 33. Kd2 Bxf2 34. Rc1 Qg2 35. Rd1 Bc5+ 36. Kc1 Ba3+ 0-1

[Event "Kupreichik Memorial Open 2018"]
[Site "Minsk"]
[Date "2018.06.23"]
[Round "10"]
[White "Sukalina, Alina"]
[Black "Zeliantsova, Kseniya"]
[Result "0-1"]
[ECO "E83"]
[WhiteElo "1673"]
[BlackElo "1844"]
[Annotator "NA"]
[PlyCount "119"]
[EventDate "2018.06.21"]
[EventCountry "BLR"]
[SourceTitle "playchess.com"]
[Source "ChessBase"]
[SourceQuality "1"]
[TimeControl "900+10"]

1. d4 Nf6 2. c4 g6 3. Nc3 Bg7 4. e4 d6 5. f3 O-O 6. Be3 Nc6 7. Qd2 e5 8. Nge2 a6 9. d5 Ne7 10. Ng3 c6 11. Bd3 cxd5 12. cxd5 b5 13. b4 Bd7 14. O-O Nc8 15. Qf2 Rb8 16. Rfc1 Nb6 17. Qe2 h5 18. Nf1 Nh7 19. Nd2 Kh8 20. Nb3 f5 21. Na5 f4 22. Bf2 Qf6 23. Nb1 h4 24. h3 Na4 25. Nc3 Nxc3 26. Rxc3 Rbc8 27. Rac1 Ng5 28. Kh2 Nf7 29. Rxc8 Bxc8 30. Nc6 g5 31. Rc2 Bd7 32. Na5 Nh6 33. Qd1 Qg6 34. Be2 Re8 35. Rc7 Re7 36. Ra7 Rf7 37. Rxa6 Bf8 38. Rb6 Rg7 39. Rb8 Rf7 40. Bxb5 Bxb5 41. Rxb5 g4 42. hxg4 Kg8 43. Rb7 Rf6 44. Nc6 Kh8 45. Rb8 Kh7 46. Rb7+ Bg7 47. Nd8 Nf7 48. Nxf7 Rxf7 49. Rxf7 Qxf7 50. Qc2 Qb7 51. a3 Qa6 52. Qb2 h3 53. b5 Qb7 54. gxh3 Bf6 55. a4 Bd8 56. b6 Qa6 57. b7 Bc7 58. Kg2 Bb8 59. Qb3 Qa5 60. Qb5 {time} 0-1

[Event "Kupreichik Memorial Open 2018"]
[Site "Minsk"]
[Date "2018.06.23"]
[Round "10"]
[White "Kashtelyan, Valentin"]
[Black "Kruglikova, Viktorija"]
[Result "0-1"]
[ECO "B29"]
[WhiteElo "1604"]
[BlackElo "1839"]
[Annotator "NA"]
[PlyCount "114"]
[EventDate "2018.06.21"]
[EventCountry "BLR"]
[SourceTitle "playchess.com"]
[Source "ChessBase"]
[SourceQuality "1"]
[TimeControl "900+10"]

1. e4 c5 2. Nf3 Nf6 3. d3 d5 4. exd5 Nxd5 5. Be2 Nc6 6. O-O e6 7. Bd2 Be7 8. Nc3 Bf6 9. Qe1 O-O 10. Rb1 Ncb4 11. Nxd5 Nxd5 12. c3 Qb6 13. Qc1 Bd7 14. Bg5 Bxg5 15. Qxg5 h6 16. Qd2 Qd6 17. Ne1 Nf4 18. Bf3 Rab8 19. Qe3 Bb5 20. Rd1 Nd5 21. Qd2 Ba4 22. b3 Bc6 23. Nc2 Rbd8 24. Qe1 Nf4 25. Bxc6 Qxc6 26. Qe4 Qxe4 27. dxe4 Ne2+ 28. Kh1 Nxc3 29. Ra1 Nxe4 30. f3 Nc3 31. Ne3 b5 32. Rfc1 Rd3 33. Ng4 b4 34. Ne5 Rd2 35. a3 Rfd8 36. h3 a5 37. axb4 axb4 38. Ra5 R8d5 39. Ra8+ Kh7 40. Nxf7 Rb2 41. h4 Rxb3 42. Re1 Rb1 43. Rxb1 Nxb1 44. f4 Nd2 45. g4 g6 46. Ne5 b3 47. Ra7+ Kg8 48. Nxg6 b2 49. Ne7+ Kf8 50. Ng6+ Ke8 51. Rb7 b1=Q+ 52. Rxb1 Nxb1 53. Kg2 c4 54. g5 c3 55. gxh6 Rh5 56. h7 Rxh7 57. Ne5 Rd7 0-1

[Event "Kupreichik Memorial Open 2018"]
[Site "Minsk"]
[Date "2018.06.23"]
[Round "10"]
[White "Stsepkina, Yauheniya"]
[Black "Rybakova, Polina"]
[Result "1/2-1/2"]
[ECO "E80"]
[WhiteElo "1591"]
[BlackElo "1826"]
[Annotator "NA"]
[PlyCount "87"]
[EventDate "2018.06.21"]
[EventCountry "BLR"]
[SourceTitle "playchess.com"]
[Source "ChessBase"]
[SourceQuality "1"]
[TimeControl "900+10"]

1. d4 Nf6 2. c4 g6 3. Nc3 Bg7 4. e4 d6 5. f3 c6 6. Be3 a6 7. Qd2 b5 8. Bd3 Nbd7 9. Nge2 Nb6 10. cxb5 cxb5 11. b3 Bd7 12. O-O O-O 13. Rac1 b4 14. Nd1 a5 15. Nb2 d5 16. e5 Ne8 17. Ng3 Nc7 18. f4 e6 19. Rc2 Nb5 20. Rfc1 Rc8 21. Rxc8 Nxc8 22. Na4 Nca7 23. Nc5 Nc3 24. a3 Bb5 25. axb4 axb4 26. Ra1 Bxd3 27. Rxa7 Bb5 28. Rb7 Qa5 29. f5 gxf5 30. Nxe6 fxe6 31. Rxg7+ Kxg7 32. Bh6+ Kf7 33. Bxf8 Kxf8 34. Qh6+ Ke7 35. Qxh7+ Kd8 36. Qg8+ Be8 37. Qxe6 Qa1+ 38. Nf1 Ne2+ 39. Kf2 Qxd4+ 40. Kxe2 Bb5+ 41. Ke1 Qc3+ 42. Kf2 Qd4+ 43. Ke1 Qc3+ 44. Kf2 1/2-1/2

[Event "Kupreichik Memorial Open 2018"]
[Site "Minsk"]
[Date "2018.06.23"]
[Round "10"]
[White "Drobyshevsky, Vasily"]
[Black "Bezenson, Anton"]
[Result "0-1"]
[ECO "B14"]
[WhiteElo "1551"]
[BlackElo "1732"]
[Annotator "NA"]
[PlyCount "66"]
[EventDate "2018.06.21"]
[EventCountry "BLR"]
[SourceTitle "playchess.com"]
[Source "ChessBase"]
[SourceQuality "1"]
[TimeControl "900+10"]

1. c4 Nf6 2. Nc3 c5 3. e3 d5 4. d4 cxd4 5. exd4 g6 6. Nf3 Bg7 7. Be2 O-O 8. O-O Nc6 9. c5 Ne4 10. Bb5 Bg4 11. Bxc6 bxc6 12. Be3 Rb8 13. Rb1 Nxc3 14. bxc3 Qa5 15. Qd2 Bf5 16. Rxb8 Rxb8 17. Bf4 Rb7 18. Ne5 Bxe5 19. Bxe5 f6 20. Bg3 Qa3 21. Re1 e6 22. Bd6 Kg7 23. h3 h5 24. Qf4 Qxc3 25. Re3 Qc1+ 26. Kh2 Rb1 27. Bc7 g5 28. Qd6 Qg1+ 29. Kg3 h4+ 30. Kf3 Qd1+ 31. Re2 Be4+ 32. Kg4 Qxe2+ 33. f3 Qxg2+ 0-1

[Event "Kupreichik Memorial Open 2018"]
[Site "Minsk"]
[Date "2018.06.23"]
[Round "10"]
[White "Ivanytska, Liudmyla"]
[Black "Boiko, Aleksei"]
[Result "0-1"]
[ECO "B03"]
[WhiteElo "1545"]
[BlackElo "1611"]
[Annotator "NA"]
[PlyCount "72"]
[EventDate "2018.06.21"]
[EventCountry "BLR"]
[SourceTitle "playchess.com"]
[Source "ChessBase"]
[SourceQuality "1"]
[TimeControl "900+10"]

1. e4 Nf6 2. e5 Nd5 3. c4 Nb6 4. d4 d6 5. exd6 exd6 6. h3 Bf5 7. Nf3 Be7 8. Be2 O-O 9. O-O Nc6 10. Be3 Re8 11. a3 a5 12. d5 Ne5 13. Nxe5 dxe5 14. Nd2 Bf6 15. Bxb6 cxb6 16. Qb3 a4 17. Qe3 e4 18. Ra2 b5 19. b4 axb3 20. Nxb3 bxc4 21. Bxc4 Qd6 22. Nd2 b5 23. Bxb5 Qxd5 24. Bc4 Qd4 25. Qxd4 Bxd4 26. Nb3 Bb6 27. a4 Be6 28. Bxe6 Rxe6 29. a5 Ba7 30. Rc2 e3 31. fxe3 Rxe3 32. Na1 Rxh3+ 33. Rff2 Ra3 34. Rc1 g6 35. Rcf1 Bxf2+ 36. Kxf2 R8xa5 0-1

[Event "Kupreichik Memorial Open 2018"]
[Site "Minsk"]
[Date "2018.06.23"]
[Round "11"]
[White "Bernotas, Arturs"]
[Black "Cherepov, Alexej"]
[Result "1-0"]
[ECO "C45"]
[WhiteElo "2407"]
[BlackElo "2175"]
[Annotator "NA"]
[PlyCount "65"]
[EventDate "2018.06.21"]
[EventCountry "BLR"]
[SourceTitle "playchess.com"]
[Source "ChessBase"]
[SourceQuality "1"]
[TimeControl "900+10"]

1. e4 e5 2. Nf3 Nc6 3. d4 exd4 4. Nxd4 Bc5 5. Be3 Qf6 6. c3 Nge7 7. g3 O-O 8. Bg2 Ne5 9. O-O d6 10. h3 Nc4 11. Bc1 Nc6 12. Qe2 N4e5 13. Be3 Bb6 14. Nd2 Bd7 15. a4 Rfe8 16. f4 Ng6 17. Qf2 Nxd4 18. cxd4 c6 19. f5 Nf8 20. g4 h6 21. h4 Nh7 22. Kh2 Qe7 23. a5 Bc7 24. Bf4 b6 25. a6 b5 26. Rae1 f6 27. Nf3 Bc8 28. e5 dxe5 29. dxe5 Bxa6 30. Kh3 Bb6 31. Qg3 fxe5 32. Nxe5 Bb7 33. Qb3+ 1-0

[Event "Kupreichik Memorial Open 2018"]
[Site "Minsk"]
[Date "2018.06.23"]
[Round "11"]
[White "Kalugin, Sergey G"]
[Black "Kalinin, Dmitry"]
[Result "1/2-1/2"]
[ECO "C00"]
[WhiteElo "2334"]
[BlackElo "1995"]
[Annotator "NA"]
[PlyCount "141"]
[EventDate "2018.06.21"]
[EventCountry "BLR"]
[SourceTitle "playchess.com"]
[Source "ChessBase"]
[SourceQuality "1"]
[TimeControl "900+10"]

1. e4 e6 2. d3 d5 3. Nd2 Nf6 4. Ngf3 Be7 5. g3 O-O 6. Bg2 c5 7. O-O Nc6 8. e5 Nd7 9. Re1 b5 10. Nf1 Bb7 11. h4 Qc7 12. Bf4 Nd4 13. Ng5 h6 14. Nh3 Rfc8 15. Nh2 Nf5 16. Ng4 d4 17. Be4 Qb6 18. Qd2 Bf8 19. Nh2 c4 20. Nf3 c3 21. bxc3 dxc3 22. Qe2 Nc5 23. Bxb7 Nxb7 24. g4 Nd4 25. Nxd4 Qxd4 26. Qf3 Qd5 27. Qg3 g6 28. Qe3 Kh7 29. h5 gxh5 30. gxh5 Bc5 31. Qe4+ Qxe4 32. Rxe4 Rg8+ 33. Kh2 Nd8 34. Be3 Bxe3 35. fxe3 Nc6 36. Rb1 a6 37. d4 Rg7 38. Rf4 Rag8 39. Rf2 Ne7 40. Rb3 Rc8 41. Nf4 Nf5 42. Rf3 Rg4 43. d5 Nxe3 44. dxe6 fxe6 45. Nxe6 Rg2+ 46. Kh3 Re2 47. Nf4 Re1 48. Ng6 Rc4 49. Kg3 Nxc2 50. Rbxc3 Nd4 51. Rxc4 bxc4 52. Rf7+ Kg8 53. Rc7 c3 54. Rxc3 Ne2+ 55. Kf2 Nxc3 56. Kxe1 Nxa2 57. Kd2 Kf7 58. Kd3 a5 59. Kc4 Ke6 60. Kb5 Nb4 61. Kc5 Nc6 62. Kxc6 a4 63. Nf4+ Kxe5 64. Nd3+ Kf5 65. Kd5 Kg5 66. Ke4 Kxh5 67. Kf5 Kh4 68. Kf4 h5 69. Nb4 Kh3 70. Kf3 h4 71. Na2 1/2-1/2

[Event "Kupreichik Memorial Open 2018"]
[Site "Minsk"]
[Date "2018.06.23"]
[Round "11"]
[White "Terletsky, Oleg"]
[Black "Kuznetsov, Mikhail V"]
[Result "0-1"]
[ECO "B29"]
[WhiteElo "2257"]
[BlackElo "2207"]
[Annotator "NA"]
[PlyCount "134"]
[EventDate "2018.06.21"]
[EventCountry "BLR"]
[SourceTitle "playchess.com"]
[Source "ChessBase"]
[SourceQuality "1"]
[TimeControl "900+10"]

1. e4 c5 2. Nf3 Nf6 3. Nc3 d5 4. exd5 Nxd5 5. Bb5+ Bd7 6. Ne5 Nf6 7. Qf3 Qc8 8. Nxd7 Nbxd7 9. Nd5 Nxd5 10. Qxd5 e6 11. Qg5 a6 12. Be2 h6 13. Qg3 Qb8 14. d3 Qxg3 15. hxg3 Be7 16. Be3 O-O-O 17. O-O-O Nf6 18. c4 e5 19. g4 Nd7 20. Rh5 Bg5 21. Bxg5 hxg5 22. Rdh1 Rxh5 23. Rxh5 g6 24. Rh7 Rf8 25. Bf3 Nf6 26. Rh1 Kc7 27. Kc2 b6 28. a3 a5 29. b3 Re8 30. Re1 Kd6 31. Kc3 Rh8 32. b4 axb4+ 33. axb4 cxb4+ 34. Kxb4 Rh4 35. Kb5 Nxg4 36. Kxb6 Nxf2 37. c5+ Ke6 38. Rb1 Nxd3 39. c6 Rc4 40. c7 Kd7 41. Rd1 Rb4+ 42. Ka5 Rd4 43. Kb6 e4 44. Bxe4 Rb4+ 45. Ka5 Rxe4 46. Rxd3+ Kxc7 47. Kb5 f5 48. Kc5 Re2 49. g3 Re5+ 50. Kd4 Kd6 51. Ra3 Re4+ 52. Kd3 Ke7 53. Kd2 Kf6 54. Ra6+ Kg7 55. Ra8 Re7 56. Ra4 g4 57. Ra8 Kf6 58. Rf8+ Kg5 59. Ra8 Re5 60. Rf8 Re4 61. Rf7 f4 62. gxf4+ Rxf4 63. Rh7 g3 64. Rh1 Kg4 65. Ke3 Rf8 66. Rg1 Re8+ 67. Kd4 Kf3 0-1

[Event "Kupreichik Memorial Open 2018"]
[Site "Minsk"]
[Date "2018.06.23"]
[Round "11"]
[White "Rakhmangulova, Anastasiya"]
[Black "Runets, Ivan"]
[Result "1-0"]
[ECO "B33"]
[WhiteElo "2244"]
[BlackElo "2010"]
[Annotator "NA"]
[PlyCount "69"]
[EventDate "2018.06.21"]
[EventCountry "BLR"]
[SourceTitle "playchess.com"]
[Source "ChessBase"]
[SourceQuality "1"]
[TimeControl "900+10"]

1. e4 c5 2. Nf3 e6 3. d4 cxd4 4. Nxd4 Nf6 5. Nc3 Nc6 6. Ndb5 d6 7. Bf4 e5 8. Bg5 a6 9. Na3 b5 10. Bxf6 gxf6 11. Nd5 Bg7 12. Bd3 Be6 13. O-O f5 14. c4 bxc4 15. Nxc4 O-O 16. Ncb6 fxe4 17. Bxe4 Rb8 18. Bxh7+ Kxh7 19. Qc2+ f5 20. Qxc6 Bf7 21. Nd7 Rc8 22. Qxd6 Bxd5 23. Qxd5 Re8 24. Rad1 Qe7 25. Rd3 Rcd8 26. Rh3+ Kg6 27. Rd1 Rh8 28. Qc6+ Kf7 29. Rxh8 Rxh8 30. Nc5 Qf6 31. Rd7+ Kg8 32. Ne6 Rh6 33. Qc8+ Bf8 34. Nxf8 Qc6 35. Rc7 1-0

[Event "Kupreichik Memorial Open 2018"]
[Site "Minsk"]
[Date "2018.06.23"]
[Round "11"]
[White "Sirotkina, Nina"]
[Black "Zhukova, Natalia"]
[Result "0-1"]
[ECO "A45"]
[WhiteElo "2116"]
[BlackElo "2356"]
[Annotator "NA"]
[PlyCount "52"]
[EventDate "2018.06.21"]
[EventCountry "BLR"]
[SourceTitle "playchess.com"]
[Source "ChessBase"]
[SourceQuality "1"]
[TimeControl "900+10"]

1. d4 Nf6 2. Bf4 d5 3. e3 e6 4. Nf3 c5 5. c3 Nc6 6. Nbd2 Be7 7. Bd3 Nh5 8. Bg3 g6 9. O-O O-O 10. Qe2 Nxg3 11. hxg3 Qc7 12. dxc5 Bxc5 13. e4 Qxg3 14. Nb3 Bb6 15. Nbd4 Qf4 16. Rfd1 Bd7 17. e5 f6 18. exf6 Rxf6 19. Bb5 Bc7 20. g3 Qg4 21. Nh2 Qxe2 22. Nxe2 h5 23. Rd2 Bb6 24. Nd4 Raf8 25. Rf1 e5 26. Nb3 Bh3 0-1

[Event "Kupreichik Memorial Open 2018"]
[Site "Minsk"]
[Date "2018.06.23"]
[Round "11"]
[White "Shaban, Alena"]
[Black "Stsepkina, Yauheniya"]
[Result "0-1"]
[ECO "A05"]
[WhiteElo "2027"]
[BlackElo "1591"]
[Annotator "NA"]
[PlyCount "96"]
[EventDate "2018.06.21"]
[EventCountry "BLR"]
[SourceTitle "playchess.com"]
[Source "ChessBase"]
[SourceQuality "1"]
[TimeControl "900+10"]

1. Nf3 Nf6 2. g3 g6 3. Bg2 Bg7 4. O-O O-O 5. d3 d5 6. Nbd2 c5 7. e4 Nc6 8. Re1 e6 9. Qe2 Qc7 10. Nf1 b6 11. e5 Nd7 12. Bf4 h6 13. h4 Bb7 14. Ne3 Ncxe5 15. Nxe5 Nxe5 16. Nxd5 exd5 17. Bxe5 Qd7 18. Bxg7 Kxg7 19. Qe7 Rad8 20. Qe5+ f6 21. Qe7+ Rf7 22. Qxd7 Rdxd7 23. Re6 Rfe7 24. Rae1 Rxe6 25. Rxe6 Kf7 26. Re2 Re7 27. Kf1 Rxe2 28. Kxe2 Ke6 29. c3 g5 30. Ke3 d4+ 31. cxd4 Bxg2 32. dxc5 bxc5 33. d4 gxh4 34. gxh4 cxd4+ 35. Kxd4 Kf5 36. Ke3 Kg4 37. b4 Kxh4 38. Kf4 Bc6 39. Kf5 h5 40. Kxf6 Kg4 41. Ke5 Kf3 42. Kf5 h4 43. Ke6 h3 44. Kd6 Bb5 45. Kc5 a6 46. Kb6 h2 47. a4 Bxa4 48. Kxa6 h1=Q 0-1

[Event "Kupreichik Memorial Open 2018"]
[Site "Minsk"]
[Date "2018.06.23"]
[Round "11"]
[White "Ilyuchyk, Yana"]
[Black "Osmolny, Vladimir I"]
[Result "1-0"]
[ECO "B91"]
[WhiteElo "1971"]
[BlackElo "2211"]
[Annotator "NA"]
[PlyCount "71"]
[EventDate "2018.06.21"]
[EventCountry "BLR"]
[SourceTitle "playchess.com"]
[Source "ChessBase"]
[SourceQuality "1"]
[TimeControl "900+10"]

1. e4 c5 2. Nf3 Nf6 3. Nc3 d6 4. d4 cxd4 5. Nxd4 a6 6. g3 e5 7. Nde2 Be6 8. Bg2 Nbd7 9. O-O b5 10. a4 b4 11. Nd5 Bxd5 12. exd5 Be7 13. a5 Nc5 14. Be3 Nfd7 15. f4 Rb8 16. fxe5 dxe5 17. d6 Bf6 18. Bc6 O-O 19. Qd5 Ne6 20. Ba7 Rc8 21. c3 bxc3 22. bxc3 e4 23. Bb7 Rc5 24. Bxc5 Ndxc5 25. Bc6 Bg5 26. Kg2 Be3 27. Nd4 h5 28. Rae1 Bh6 29. Nxe6 Nxe6 30. Rxe4 Ng5 31. Ref4 Kh8 32. h4 Nh7 33. Rxf7 Rxf7 34. Qxf7 Nf6 35. d7 Qb8 36. Rxf6 1-0

[Event "Kupreichik Memorial Open 2018"]
[Site "Minsk"]
[Date "2018.06.23"]
[Round "11"]
[White "Naumovich, Yaroslav"]
[Black "Masjuk, Vladimir"]
[Result "1-0"]
[ECO "A05"]
[WhiteElo "1959"]
[BlackElo "1829"]
[Annotator "NA"]
[PlyCount "111"]
[EventDate "2018.06.21"]
[EventCountry "BLR"]
[SourceTitle "playchess.com"]
[Source "ChessBase"]
[SourceQuality "1"]
[TimeControl "900+10"]

1. Nf3 Nf6 2. d4 d6 3. g3 Bf5 4. Bg2 c6 5. O-O Nbd7 6. c4 e6 7. Nc3 Be7 8. Re1 O-O 9. e4 Bg6 10. b3 Bh5 11. Bb2 e5 12. d5 cxd5 13. Nxd5 Nxd5 14. Qxd5 Qc7 15. Rad1 Nf6 16. Qd3 Rad8 17. h3 a6 18. g4 Bg6 19. Nh4 Bxe4 20. Bxe4 Nxe4 21. Nf5 Nc5 22. Qe3 Ne6 23. Rd5 Bg5 24. Qg3 Nf4 25. Rdd1 Rfe8 26. h4 Be7 27. Bc1 Ne6 28. Rd5 Bf8 29. h5 Nf4 30. Bxf4 exf4 31. Qc3 g6 32. Nh4 Bg7 33. Rxe8+ Rxe8 34. Qd2 Qe7 35. Nf3 Be5 36. c5 Qe6 37. Nxe5 dxe5 38. f3 e4 39. Rd6 Qe5 40. Qd4 Qxd4+ 41. Rxd4 e3 42. Kf1 g5 43. Rd7 Rc8 44. b4 a5 45. a3 axb4 46. axb4 Rb8 47. h6 Kf8 48. b5 Ke8 49. Rc7 Kf8 50. b6 Ke8 51. Ke1 Kf8 52. c6 Ra8 53. cxb7 Ra1+ 54. Ke2 Ra2+ 55. Kd3 Ra3+ 56. Kc4 1-0

[Event "Kupreichik Memorial Open 2018"]
[Site "Minsk"]
[Date "2018.06.23"]
[Round "11"]
[White "Artsiomau, Stanislau"]
[Black "Katashuk, Uladzislau"]
[Result "1-0"]
[ECO "B20"]
[WhiteElo "1954"]
[BlackElo "2149"]
[Annotator "NA"]
[PlyCount "105"]
[EventDate "2018.06.21"]
[EventCountry "BLR"]
[SourceTitle "playchess.com"]
[Source "ChessBase"]
[SourceQuality "1"]
[TimeControl "900+10"]

1. e4 c5 2. g3 Nc6 3. Bg2 e5 4. Nc3 d6 5. d3 g6 6. Nge2 Bg7 7. O-O Nge7 8. Be3 O-O 9. Qd2 Be6 10. Nd5 Bxd5 11. exd5 Nb4 12. Nc3 Nf5 13. a3 Na6 14. Rab1 Rc8 15. Bh3 Nxe3 16. fxe3 Rc7 17. e4 Re7 18. Rf2 Nc7 19. Ne2 h5 20. Rbf1 Kh7 21. Qd1 Bh6 22. Kg2 Ne8 23. Ng1 Ng7 24. Qe2 b5 25. Rf3 Qa8 26. c4 Qb7 27. R1f2 h4 28. Qf1 bxc4 29. dxc4 Bg5 30. Bg4 hxg3 31. hxg3 Kg8 32. Kh1 f5 33. Rh2 Nh5 34. Bxh5 gxh5 35. Rxf5 Rxf5 36. Qxf5 Rg7 37. Nf3 Qf7 38. Qxf7+ Kxf7 39. Nxg5+ Rxg5 40. Kg2 a5 41. Kf3 Kg7 42. b4 axb4 43. axb4 cxb4 44. Rb2 Rg6 45. Rxb4 Rf6+ 46. Kg2 h4 47. Rb7+ Kg6 48. Rb3 Kg5 49. gxh4+ Kxh4 50. Rf3 Rg6+ 51. Kh2 Rg4 52. Rh3+ Kg5 53. Rg3 1-0

[Event "Kupreichik Memorial Open 2018"]
[Site "Minsk"]
[Date "2018.06.23"]
[Round "11"]
[White "Laptii, Nazar"]
[Black "Sihite, Chelsie Monica Igne"]
[Result "0-1"]
[ECO "A06"]
[WhiteElo "1925"]
[BlackElo "2236"]
[Annotator "NA"]
[PlyCount "58"]
[EventDate "2018.06.21"]
[EventCountry "BLR"]
[SourceTitle "playchess.com"]
[Source "ChessBase"]
[SourceQuality "1"]
[TimeControl "900+10"]

1. Nf3 d5 2. g3 c6 3. Bg2 e6 4. O-O Be7 5. d3 Nd7 6. e4 dxe4 7. dxe4 e5 8. b3 Qc7 9. Nbd2 b6 10. Bb2 Ba6 11. Re1 Rd8 12. Bf1 Bxf1 13. Rxf1 Nh6 14. Qe2 O-O 15. Nc4 f6 16. Nh4 Nc5 17. Ne3 g6 18. f4 b5 19. Neg2 Qc8 20. fxe5 fxe5 21. Nf3 Qh3 22. Nxe5 Ne6 23. Nd3 Bg5 24. Rxf8+ Rxf8 25. Nf2 Rxf2 26. Kxf2 Ng4+ 27. Ke1 h5 28. Rd1 Qxh2 29. Rd6 Qxg3+ 0-1

[Event "Kupreichik Memorial Open 2018"]
[Site "Minsk"]
[Date "2018.06.23"]
[Round "11"]
[White "Papunidi, Matvey"]
[Black "Sarbay, Aleksandr"]
[Result "1-0"]
[ECO "B32"]
[WhiteElo "1913"]
[BlackElo "2045"]
[Annotator "NA"]
[PlyCount "180"]
[EventDate "2018.06.21"]
[EventCountry "BLR"]
[SourceTitle "playchess.com"]
[Source "ChessBase"]
[SourceQuality "1"]
[TimeControl "900+10"]

1. e4 c5 2. Nf3 Nc6 3. d4 cxd4 4. Nxd4 g6 5. Be3 Nf6 6. Nc3 Bg7 7. Nxc6 bxc6 8. e5 Ng8 9. Bd4 Qc7 10. e6 Nf6 11. exd7+ Bxd7 12. Bc4 O-O 13. Qe2 c5 14. Be5 Qb7 15. O-O Bc6 16. f3 Rad8 17. Rad1 Rxd1 18. Rxd1 Qxb2 19. Nb5 Qb4 20. Nxa7 Bb7 21. Nb5 Qa5 22. Bc3 Qa8 23. Qxe7 Bxf3 24. gxf3 Qxf3 25. Qe2 Qf4 26. Rf1 Qg5+ 27. Qg2 Qh4 28. Be2 Re8 29. Bf3 Qc4 30. Bc6 Re2 31. Qf3 Qg4+ 32. Qxg4 Nxg4 33. Bxg7 Kxg7 34. Bf3 Rxc2 35. Bxg4 Rxa2 36. Rc1 h5 37. Bf3 Ra5 38. Rxc5 Ra1+ 39. Kg2 Ra2+ 40. Kg3 h4+ 41. Kxh4 Rxh2+ 42. Kg3 Rd2 43. Rc7 Kf6 44. Nc3 Rd3 45. Ne4+ Kg7 46. Ng5 Kf6 47. Nxf7 Re3 48. Nh6 Ra3 49. Ng4+ Ke6 50. Rg7 Kf5 51. Re7 g5 52. Re5+ Kg6 53. Re6+ Kf7 54. Rb6 Rc3 55. Ne5+ Ke7 56. Rg6 Rc5 57. Ng4 Ra5 58. Ne3 Kf7 59. Rb6 Ra3 60. Nf5 Ra4 61. Nd6+ Ke7 62. Ne4 Ra5 63. Kg4 Kd7 64. Nxg5 Kc7 65. Rc6+ Kd7 66. Rh6 Ra4+ 67. Be4 Rb4 68. Kf4 Ra4 69. Ke5 Ra5+ 70. Bd5 Kc7 71. Ne4 Ra1 72. Rc6+ Kd7 73. Nf6+ Ke7 74. Rc7+ Kd8 75. Kd6 Ra6+ 76. Rc6 Rxc6+ 77. Bxc6 Kc8 78. Nd7 Kd8 79. Nc5 Kc8 80. Bd7+ Kb8 81. Kc6 Ka7 82. Bc8 Kb8 83. Bb7 Ka7 84. Nd3 Kb8 85. Ne5 Ka7 86. Bc8 Kb8 87. Ba6 Ka7 88. Kb5 Ka8 89. Kb6 Kb8 90. Nc6+ Ka8 1-0

[Event "Kupreichik Memorial Open 2018"]
[Site "Minsk"]
[Date "2018.06.23"]
[Round "11"]
[White "Belyuga, Mikhail"]
[Black "Zhukovskij, Viktor"]
[Result "*"]
[ECO "D10"]
[WhiteElo "1908"]
[BlackElo "1973"]
[Annotator "NA"]
[PlyCount "77"]
[EventDate "2018.06.21"]
[EventCountry "BLR"]
[SourceTitle "playchess.com"]
[Source "ChessBase"]
[SourceQuality "1"]
[TimeControl "900+10"]

1. Nf3 d5 2. d4 Nf6 3. c4 c6 4. cxd5 cxd5 5. Bf4 Nc6 6. Nc3 a6 7. e3 Bf5 8. Rc1 Rc8 9. Be2 e6 10. Qa4 Bd6 11. Ne5 O-O 12. Bxa6 Nb4 13. Bxb7 Rb8 14. Nc6 Nxc6 15. Bxd6 Qxd6 16. Qxc6 Qb4 17. Ba6 Rb6 18. Qc5 Qxb2 19. Na4 Qb4+ 20. Qxb4 Rxb4 21. Nc5 Ne4 22. O-O Ra8 23. Bb7 Rb8 24. Nxe4 Bxe4 25. Bc6 Rb2 26. a4 Ra2 27. Bb5 Bc2 28. Ra1 Rb2 29. Rfc1 Kf8 30. h3 Ra8 31. Bc6 Ra6 32. Bb5 Ra5 33. Bc6 Ke7 34. Ra3 Bb3 35. Bb5 Bc2 36. Rc3 Bxa4 37. Rc7+ Kf6 38. Bxa4 Rxa4 39. R1c2 *